 Dungeon Crawl Stone Soup version 0.19-a0-993-g3130bb9 (webtiles) character file.

9106 Magifyre the Bludgeoner (level 11, -5/90 HPs)
             Began as a Gargoyle Berserker on July 15, 2016.
             Was a High Priest of Trog.
             Slain by a hill giant
             ... wielding a +0 giant spiked club
              (29 damage)
             ... on level 10 of the Dungeon on July 16, 2016.
             The game lasted 00:45:21 (10601 turns).

Magifyre the Bludgeoner (Gargoyle Berserker)       Turns: 10601, Time: 00:45:22

Health: -5/90      AC: 27    Str: 28    XL:     11   Next: 41%
Magic:  11/11      EV:  7    Int:  9    God:    Trog [*****.]
Gold:   517        SH:  0    Dex:  9    Spells: 0 memorised, 10 levels left

rFire  . . .     SeeInvis .     P - +0 dire flail
rCold  . . .     Gourm    .     H - +0 plate armour
rNeg   + . .     Faith    .     (shield currently unavailable)
rPois  ∞         Spirit   .     h - +2 hat
rElec  +         Dismiss  +     S - +1 cloak
rCorr  .         Reflect  .     (no gloves)
SustAt .         Harm     .     (no boots)
MR     +++..                    D - amulet of dismissal
Stlth  ..........               G - +5 ring of protection
                                p - ring of protection from magic

@: berserking, regenerating, very quick, extremely resistant to hostile
enchantments, extremely unstealthy
A: negative energy resistance 1, electricity resistance, unbreathing,
petrification resistance, rot immunity, AC +7
a: Berserk, Trog's Hand, Brothers in Arms, Burn Spellbooks, Renounce Religion


You were on level 10 of the Dungeon.
You worshipped Trog.
Trog was extremely pleased with you.
You were not hungry.

You visited 2 branches of the dungeon, and saw 11 of its levels.
You also visited: Sewer and Ossuary.

You collected 517 gold pieces.

Inventory:

Hand Weapons
 x - a +2 mace of freezing
 J - a +1 whip of holy wrath
 M - a +0 whip of flaming
 P - a +0 dire flail (weapon)
Missiles
 l - a throwing net (quivered)
Armour
 h - a +2 hat (worn)
 k - a +0 helmet
 H - a +0 plate armour (worn)
 S - a +1 cloak (worn)
Jewellery
 i - an uncursed ring of protection from cold
 p - a ring of protection from magic (left hand)
 D - an amulet of dismissal (around neck)
 G - a +5 ring of protection (right hand)
 I - a +2 ring of protection
Scrolls
 e - 4 scrolls of remove curse
 f - 3 scrolls of magic mapping
 j - 6 scrolls of teleportation
 m - 2 scrolls of enchant armour
 n - a scroll of summoning {unknown}
 o - a scroll of recharging
 t - 3 scrolls of blinking
 u - a scroll of fear
 v - 2 scrolls of enchant weapon
 B - a scroll of fog
 E - a scroll of noise
Potions
 a - 4 potions of might
 d - 9 potions of curing
 g - 3 potions of heal wounds
 q - 4 potions of flight
 s - 3 potions of haste
 w - a potion of degeneration {unknown}
 z - 3 potions of mutation {unknown}
 A - 6 potions of magic {unknown}
 C - a potion of lignification {unknown}
 O - 2 potions of agility {unknown}
Comestibles
 b - 12 chunks of flesh
 c - 13 bread rations
 r - 5 meat rations
 F - 6 fruits
 Q - 3 beef jerkies
 R - a slice of pizza


   Skills:
 - Level 3.2 Fighting
 + Level 16.5 Maces & Flails
 - Level 2.1 Armour
 - Level 1.5 Dodging


You had 10 spell levels left.
You didn't know any spells.

Dungeon Overview and Level Annotations

Branches:
Dungeon (10/15)            Temple (1/1) D:5            Lair (0/6) D:10
    Orc: D:9-12

Altars:
Ashenzari
Cheibriados
Dithmenos
Elyvilon
Fedhas
Gozag
Hepliaklqana
Kikubaaqudgha
Makhleb
Nemelex Xobeh
Okawaru
Pakellas
Qazlal
Ru
Sif Muna
Trog
Uskayaw
Vehumet
Xom
Yredelemnul
Zin
The Shining One

Shops:
D:8 (


Innate Abilities, Weirdness & Mutations

You are resistant to torment.
Your stone body is resilient. (AC +7)
You are immune to poison.
You resist negative energy. (rN+)
You are resistant to electric shocks. (rElec)
You can survive without breathing.
You are immune to petrification.
You are immune to rotting.


Message History

You bludgeon the hill giant!!
The hill giant is heavily wounded.
The hill giant hits you with a giant spiked club!!
* * * LOW HITPOINT WARNING * * *
You are too injured to fight recklessly!
You are too injured to fight recklessly!
You are too injured to fight recklessly!
You are too injured to fight recklessly!
You are too injured to fight recklessly!
You are too injured to fight recklessly!
You are too injured to fight recklessly!
Unknown command.
Your skin crawls.
You feel resistant to hostile enchantments.
You feel somewhat more hungry.
A red film seems to cover your vision as you go berserk!
You feel yourself moving faster!
You feel mighty!
You feel somewhat more hungry.
The hill giant hits you with a giant spiked club!!
You die...

...........
#.#
#####.#.###
#.# #.#.###
#.# #.#....
#.# #......
#.#
########.
#o#
#......<.
#C#
#.#######
#@# #.# #.#
#.# #.# #.#
#.# #.# #.#
#.# #.# #.#
#.## #.#
#..# #.#
##.#
##.#######


You could see a hill giant and an orc.

Vanquished Creatures
  Gastronok (D:8)
  Pikel (D:8)
  A manticore (D:8)
  An ugly thing (D:8)
  A troll (D:10)
  A spriggan (D:7)
  A wyvern (D:9)
  Purgy (D:4)
  A water moccasin (D:8)
  2 black bears
  2 orc warriors (D:10)
  2 slaves (D:8)
  3 wasps
  2 ice beasts
  6 sky beasts
  An eye of draining (D:7)
  4 centaurs
  6 ogres
  A phantom (D:5)
  A necrophage (D:9)
  4 crocodiles
  A big kobold (D:10)
  3 giant frogs
  11 scorpions
  8 wights
  2 howler monkeys (D:8)
  A vampire bat (D:9)
  4 centaur zombies
  3 crimson imps
  4 hounds
  2 human zombies (Ossuary)
  4 orc priests
  2 giant frog skeletons
  3 iguanas
  5 orc wizards
  4 worker ants
  A big kobold zombie (Ossuary)
  2 hound zombies
  3 mummies (Ossuary)
  Robin (D:3)
  2 worker ant zombies
  3 river rats (D:10)
  5 scorpion zombies (Ossuary)
  14 adders
  7 gnolls
  5 shadow imps
  5 oozes
  2 adder skeletons
  An adder zombie (D:6)
  3 worms
  3 dart slugs (D:2)
  5 giant geckos
  26 orcs
  2 bat skeletons (D:9)
  3 bat zombies (D:9)
  11 giant cockroaches
  13 goblins
  11 hobgoblins
  18 jackals
  24 kobolds
  3 quokkas
  18 bats
  4 giant newts
  4 goblin zombies (Ossuary)
  2 kobold zombies (Ossuary)
  2 orc zombies (Ossuary)
  A quokka skeleton (D:7)
  11 rats
315 creatures vanquished.

Vanquished Creatures (others)
  A jackal (D:8)
  17 fungi (D:10)
  11 plants (D:10)
29 creatures vanquished.

Grand Total: 344 creatures vanquished

Notes
Turn   | Place    | Note
-------+----------+-------------------------------------------
     0 | D:1      | Magifyre the Gargoyle Berserker began the quest for the Orb.
     0 | D:1      | Reached XP level 1. HP: 14/14 MP: 1/1
    75 | D:1      | Reached XP level 2. HP: 17/19 MP: 2/2
   601 | D:1      | Reached skill level 4 in Maces & Flails
   615 | D:1      | Reached ** piety under Trog
   615 | D:1      | Reached XP level 3. HP: 8/23 MP: 3/3
  1482 | D:2      | Reached XP level 4. HP: 21/28 MP: 4/4
  1676 | D:2      | Reached skill level 5 in Maces & Flails
  2050 | D:2      | Reached XP level 5. HP: 32/32 MP: 5/5
  2242 | D:2      | Reached *** piety under Trog
  2430 | D:3      | Reached skill level 6 in Maces & Flails
  2756 | D:3      | Reached XP level 6. HP: 32/37 MP: 6/6
  2806 | D:3      | Noticed Robin
  2824 | D:3      | Killed Robin
  3381 | D:4      | Noticed Purgy
  3412 | D:4      | Killed Purgy
  3412 | D:4      | Reached skill level 7 in Maces & Flails
  3514 | D:4      | Found a glowing drain.
  3566 | Sewer    | Entered a sewer
  3650 | Sewer    | Reached XP level 7. HP: 14/41 MP: 7/7
  3809 | D:4      | Found a sand-covered staircase.
  4007 | Ossuary  | Entered an ossuary
  4059 | Ossuary  | Reached skill level 8 in Maces & Flails
  4309 | Ossuary  | Reached skill level 9 in Maces & Flails
  4315 | Ossuary  | Reached XP level 8. HP: 40/46 MP: 8/8
  4395 | Ossuary  | Received a gift from Trog
  4462 | Ossuary  | Reached skill level 10 in Maces & Flails
  4606 | D:5      | Entered Level 5 of the Dungeon
  4960 | D:5      | Found a white marble altar of Elyvilon.
  5310 | D:5      | Found a staircase to the Ecumenical Temple.
  5640 | Temple   | Entered the Ecumenical Temple
  5689 | D:6      | Reached skill level 11 in Maces & Flails
  5798 | D:6      | Reached XP level 9. HP: 23/51 MP: 9/9
  5998 | D:6      | Found an iron altar of Okawaru.
  6563 | D:6      | Found a shimmering altar of Xom.
  6573 | D:6      | Reached skill level 12 in Maces & Flails
  7029 | D:7      | Found a snail-covered altar of Cheibriados.
  7033 | D:7      | Reached **** piety under Trog
  7375 | D:7      | Reached skill level 13 in Maces & Flails
  7563 | D:8      | Noticed Gastronok
  7579 | D:8      | Killed Gastronok
  7579 | D:8      | Reached skill level 14 in Maces & Flails
  7579 | D:8      | Reached XP level 10. HP: 34/56 MP: 10/10
  7792 | D:8      | Found Laeper's Weapon Shop.
  7794 | D:8      | Noticed Pikel
  7848 | D:8      | Killed Pikel
  8069 | D:8      | Noticed a green ugly thing
  8084 | D:8      | Noticed a manticore
  8111 | D:8      | Killed a green ugly thing
  8111 | D:8      | Reached skill level 15 in Maces & Flails
  8421 | D:8      | Killed a manticore
  8923 | D:9      | Found a sparkling altar of Nemelex Xobeh.
  8964 | D:9      | Reached XP level 11. HP: 60/60 MP: 11/11
  9186 | D:9      | Found an ancient bone altar of Kikubaaqudgha.
  9409 | D:9      | Reached skill level 16 in Maces & Flails
  9580 | D:10     | Entered Level 10 of the Dungeon
 10267 | D:10     | Reached ***** piety under Trog
 10486 | D:10     | Found a staircase to the Lair.
 10577 | D:10     | Noticed a hill giant
 10601 | D:10     | Slain by a hill giant

Vault maps used:
D:1:      onia_arrival_mini_spirals
D:2:      minmay_tetromino_s2
D:3:      first_bread, uniq_robin
D:4:      nicolae_ossuary_entry_monument, gup_sewer_entry_glass, uniq_purgy
D:5:      elyvilon_altar_3, bh_walls_and_bars
D:6:      corexii_shack_village, kennysheep_little_box,
          okawaru_ov_weapons_minmay
D:7:      lemuel_crystal_altar, the_bakery
D:8:      wad_statue_garden, serial_shops, shop, uniq_pikel, uniq_gastronok
D:9:      kennysheep_vampire_church, nemelex_lonely_heart_becter
D:10:     grunt_lair_entry_orc_guard_hut, serial_bayou_pond_a
Temple:   nicolae_temple_no_exploring_needed
Sewer:    kennysheep_door_sewer
Ossuary:  ossuary_minmay_scorpions

Skill      XL: |  1  2  3  4  5  6  7  8  9 10 11 |
---------------+----------------------------------+-----
Maces & Flails | 4 5 6 7 9 11 14 15 16 | 16.5
Fighting       | |  3.2
Armour         | |  2.1
Dodging        | |  1.5

Action                   |  1- 3 |  4- 6 |  7- 9 | 10-12 || total
-------------------------+-------+-------+-------+-------++-------
Melee: Mace              |   114 |   244 |       |       ||   358
       Flail             |       |    68 |   640 |    56 ||   764
       Whip              |       |       |       |   210 ||   210
       Dire flail        |       |       |       |   382 ||   382
Invok: Berserk           |     1 |     3 |     2 |     1 ||     7
       Trog's Hand       |       |     5 |    11 |     9 ||    25
       Burn Spellbooks   |       |       |     1 |     1 ||     2
  Use: Scroll            |       |     8 |     2 |    11 ||    21
 Stab: Sleeping          |       |     1 |       |       ||     1
  Eat: Chunk             |     3 |     9 |    17 |    13 ||    42
       Beef jerky        |       |     1 |     1 |     1 ||     3
       Pizza             |       |       |     1 |       ||     1
Armor: Animal skin       |    46 |    62 |       |       ||   108
       Scale mail        |       |   114 |   177 |       ||   291
       Plate armour      |       |       |   191 |   352 ||   543
Dodge: Dodged            |   114 |   216 |   196 |   172 ||   698
